 Dungeon Crawl Stone Soup version 0.18-a0-1730-g73f0523 (webtiles) character file.

158 4thArraOfDagon the Chopper (level 5, -2/47 HPs)
             Began as a Hill Orc Berserker on Apr 10, 2016.
             Was a Follower of Trog.
             Splashed by a jelly's acid (8 damage)
             ... on level 5 of the Dungeon.
             The game lasted 00:02:17 (491 turns).

4thArraOfDagon the Chopper (Hill Orc Berserker)      Turns: 491, Time: 00:02:18

Health: -2/47      AC: -1    Str: 21    XL:     5   Next: 40%
Magic:  5/5        EV: 11    Int:  7    God:    Trog [*.....]
Gold:   79         SH:  0    Dex: 10    Spells: 0 memorised, 4 levels left

rFire  . . .     SeeInvis .     a - +0 hand axe
rCold  . . .     Gourm    .     f - +0 ring mail
rNeg   . . .     Faith    .     (no shield)
rPois  .         Spirit   .     h - +0 helmet
rElec  .         Dismiss  .     (no cloak)
rCorr  .         Reflect  .     (no gloves)
SustAt .         Harm     .     (no boots)
MR     .....                    (no amulet)
Stlth  ..........               (no ring)
                                (no ring)

@: exhausted, corroded, very slightly contaminated, slowed, invisible, very
slow, not resistant to hostile enchantments, extremely unstealthy
A: no striking features
a: Berserk, Burn Spellbooks, Renounce Religion


You were on level 5 of the Dungeon.
You worshipped Trog.
Trog was aware of your devotion.
You were hungry.

You visited 1 branch of the dungeon, and saw 5 of its levels.

You collected 79 gold pieces.

Inventory:

Hand Weapons
 a - a +0 hand axe (weapon)
Armour
 f - a +0 ring mail (worn)
 h - a +0 helmet (worn)
Comestibles
 b - a chunk of flesh
 c - 2 bread rations
 g - a meat ration
 i - 2 fruits


   Skills:
 + Level 4.5 Fighting
 * Level 6.3 Axes
 + Level 3.5 Armour
 - Level 1.5 Dodging


You had 4 spell levels left.
You didn't know any spells.

Dungeon Overview and Level Annotations

Branches:
Dungeon (5/15)
 Temple: D:4-7

Altars:
Nemelex Xobeh
Trog


Message History

The acid burns!
* * * LOW HITPOINT WARNING * * *
Drink which item? (? for menu, Esc to quit)
It was a potion of heal wounds.
You feel much better. The jelly hits you.
You are splashed with acid!
The acid burns!
The jelly barely misses you.
Unknown command.
Drink which item? (? for menu, Esc to quit)
It was a potion of invisibility.
You fade into invisibility!
The jelly hits you.
You are splashed with acid!
The acid burns!
You are very lightly contaminated with residual magic.
The jelly barely misses you. The jelly hits you.
You are splashed with acid!
The acid burns!
* * * LOW HITPOINT WARNING * * *
There is a stone staircase leading up here.
Unknown command.
The jelly hits you.
* * * LOW HITPOINT WARNING * * *
You are splashed with acid!
The acid burns!
You die...

.###.## .## .# ..) ..# . ._. #.#
.. ... #.# #+## ..##.# #.# ##...#
.....###.# #.### ##.....
.........# #.#.## ##......
####.#############....####.......
.'..............@J.......'.......
.####.....###.####....####.......
## ##.#..# #.# #.#.## ##...... #
###..# #.# #.### ##..... >..# #.#
#.# ##...# #..## #.# #.# ##.##
#..# #.# #.# .# #$.. ..# #.# .#
### J.


You could see a jelly.

Vanquished Creatures
  A scorpion (D:5)
  A centaur zombie (D:5)
  A hound (D:5)
  2 adders
  2 adder zombies (D:5)
  A giant gecko (D:3)
  5 orcs (D:5)
  A bat (D:2)
  A giant cockroach (D:5)
  A hobgoblin (D:2)
  A kobold (D:2)
  A rat (D:1)
18 creatures vanquished.

Notes
Turn   | Place    | Note
--------------------------------------------------------------
     0 | D:1      | 4thArraOfDagon the Hill Orc Berserker began the quest for the Orb.
     0 | D:1      | Reached XP level 1. HP: 19/19 MP: 1/1
   184 | D:3      | Reached XP level 2. HP: 18/27 MP: 2/2
   215 | D:3      | Found a bloodstained altar of Trog.
   264 | D:5      | Entered Level 5 of the Dungeon
   272 | D:5      | Reached XP level 3. HP: 24/33 MP: 3/3
   329 | D:5      | Reached skill level 5 in Axes
   329 | D:5      | Reached XP level 4. HP: 27/40 MP: 4/4
   437 | D:5      | Found a sparkling altar of Nemelex Xobeh.
   471 | D:5      | Reached skill level 6 in Axes
   471 | D:5      | Reached XP level 5. HP: 41/47 MP: 5/5
   491 | D:5      | Splashed by a jelly's acid

Vault maps used:
D:1:      dpeg_arrival_chambers_temple_mockup
D:2:      nicolae_overflow_hidden_temple, first_bread, uniq_robin
D:3:      lemuel_coloured_pillars_altar, lemuel_crystal_altar, xom_teletrap_fun
D:4:      marbit_many_paths
D:5:      nicolae_overflow_crystal_walls

Skill      XL: |  1  2  3  4 |
---------------+-------------+-----
Fighting       | 4 |  4.5
Axes           | 5 6 |  6.3
Armour         | 3 |  3.5
Dodging        | |  1.5

Action                   |  1- 3 |  4- 6 || total
-------------------------+-------+-------++-------
Melee: Hand axe          |    46 |    13 ||    59
Invok: Berserk           |     3 |     2 ||     5
  Use: Potion            |       |     2 ||     2
  Eat: Chunk             |       |     3 ||     3
